 Dungeon Crawl Stone Soup version 0.29.1-13-g9f3cf754e1 (webtiles) character file.

Game seed: 17760138596463462198

7 theswoord the Chiller (level 2, 0/22 HPs)
             Began as a Naga Ice Elementalist on Feb 2, 2023.
             Slain by a quokka (2 damage)
             ... on level 1 of the Dungeon.
             The game lasted 00:01:12 (361 turns).

theswoord the Chiller (Naga Ice Elementalist)        Turns: 361, Time: 00:01:12

Health: 0/22       AC:  1    Str: 10    XL:     2   Next: 4%
Magic:  5/5        EV:  9    Int: 15    God:
Gold:   18         SH:  0    Dex: 11    Spells: 4/5 levels left

rFire   . . .      SeeInvis +   (no weapon)
rCold   . . .      Faith    .   (no shield)
rNeg    . . .      Spirit   .   a - +0 robe
rPois   +          Reflect  .   (no helmet)
rElec   .          Harm     .   (no cloak)
rCorr   +          Rampage  .   (no gloves)
Will    .....                   (no barding)
Stlth   ++........              (no amulet)
HPRegen 0.07/turn               c - ring of resist corrosion
MPRegen 0.09/turn               (no ring)

@: mighty, very slow
A: AC +0, large, see invisible, deformed body, poison resistance, slowness 2,
spit poison 1, naga tail 1
a: Spit Poison


You were on level 1 of the Dungeon.
You visited 1 branch of the dungeon, and saw 1 of its levels.

You collected 18 gold pieces.

Inventory:

Armour
 a - a +0 robe (worn)
Jewellery
 c - a ring of resist corrosion (left hand)
Scrolls
 d - a scroll of fear {unknown}
 f - a scroll of identify {unknown}
Potions
 b - a potion of magic
 e - a potion of might


   Skills:
 - Level 1.5 Dodging
 - Level 3.0 Stealth
 + Level 2.3 Spellcasting
 + Level 4.2 Ice Magic


You had 4 spell levels left.
You knew the following spells:

 Your Spells              Type           Power      Damage    Failure   Level
a - Freeze                Ice            56%        1d7       3%          1

Your spell library contained the following spells:

 Spells                   Type           Power      Damage    Failure   Level
 Frozen Ramparts          Ice            28%        1d5       12%         3
 Ozocubu's Armour         Ice            14%        N/A       12%         3
 Hailstorm                Conj/Ice       8%         3d4       65%         4


Dungeon Overview and Level Annotations

Branches:
Dungeon (1/15)

Altars:


Innate Abilities, Weirdness & Mutations

Your serpentine skin is tough. (AC +0)
You have supernaturally acute eyesight. (SInv)
Armour fits poorly on your strangely shaped body.
Your system is resistant to poisons. (rPois)
You cover ground very slowly.
You can spit poison.
You have a snake-like lower body.


Message History

A frilled lizard comes into view.
The bat hits you.
You closely miss the bat.
The frilled lizard hisses angrily.
The goblin shouts!
The bat barely misses you. x2; The bat hits you.
You barely miss the bat. The bat closely misses you.
The bat hits you but does no damage.
A quokka comes into view.
You closely miss the bat. The bat barely misses you.
The bat hits you but does no damage. The bat closely misses you.
The bat hits you but does no damage. x2
The bat hits you.
You closely miss the frilled lizard. The bat barely misses you. x2
A goblin comes into view. It is wielding a +0 dagger.
The frilled lizard barely misses you.
You closely miss the bat.
The goblin shouts!
The bat barely misses you. The frilled lizard bites you.
The bat hits you but does no damage.
It was a potion of might.
You feel very mighty all of a sudden. The bat barely misses you.
The goblin hits you but does no damage. The frilled lizard closely misses you.
You closely miss the frilled lizard. The quokka barely misses you.
The goblin hits you with a +0 club. The frilled lizard barely misses you.
The quokka barely misses you.
You miss the frilled lizard. The goblin closely misses you.
The frilled lizard barely misses you. The quokka barely misses you.
You barely miss the frilled lizard. The goblin hits you with a +0 club.
* * * LOW HITPOINT WARNING * * *
The frilled lizard bites you.
* * * LOW HITPOINT WARNING * * *
The quokka closely misses you.
You completely miss the goblin. The goblin hits you with a +0 club.
* * * LOW HITPOINT WARNING * * *
The quokka bites you.
* * * LOW HITPOINT WARNING * * *
The frilled lizard closely misses you.
You closely miss the goblin. The quokka bites you.
You die...

# #. #.##. ..#.#####.##.
### ##..........#. #..
..........#... #.#
.....#...†..#.
##.##.....#....†##. #
.g. #.......##. # #.#l#
###.#.....##. #.#.#.#@#
....#.....##.
#...$.gr####.####.......
##.....bb.......##.#....
#.........$.....#.###.#
#..#..............# #.#
#...########.....#.# #.#
... #..#.##.# #.# ..
#..#.##.# #.#
...##..#.##.# #.#


You could see a quokka, 2 goblins, 2 bats and a frilled lizard.

Vanquished Creatures
  2 ball pythons (D:1)
  A bat (D:1)
  A giant cockroach (D:1)
  2 frilled lizards (D:1)
  A rat (D:1)
7 creatures vanquished.

Notes
Turn   | Place    | Note
-------+----------+-------------------------------------------
     0 | D:1      | theswoord the Naga Ice Elementalist began the quest for the
                  | Orb.
     0 | D:1      | Reached XP level 1. HP: 15/15 MP: 3/3
   271 | D:1      | Reached XP level 2. HP: 21/22 MP: 3/5
   361 | D:1      | Slain by a quokka

Action                   || total
-------------------------++-------
Melee: Unarmed           ||    21
 Cast: Freeze            ||     7
 Abil: Spit Poison       ||     1
  Use: Potion            ||     1
 Stab: Sleeping          ||     2
Armor: Robe              ||     7
Dodge: Dodged            ||    30

Levels and vault maps discovered:
D:1:      saegor_arrival_simple_a, layout_loops_ring, serial_shops,
          nicolae_shop_stone, item_on_display_a
